 Dungeon Crawl Stone Soup version 0.30-a0-250-g41c1d76940 (webtiles) character file.

Game seed: 11543097499718477112

342 croobank the Stinger (level 6, 0/51 (54) HPs)
             Began as a Naga Venom Mage on Oct 13, 2022.
             Slain by a wight
             ... wielding a +5 hand axe of freezing
              (1 damage)
             ... on level 4 of the Dungeon.
             The game lasted 00:13:03 (3320 turns).

croobank the Stinger (Naga Venom Mage)              Turns: 3320, Time: 00:13:06

HP:   0/51 (54)     AC:  4    Str: 10    XL:     6   Next: 57%
MP:   10/10         EV: 10    Int: 18    God:
Gold: 166           SH:  0    Dex: 11    Spells: 0/10 levels left

rFire   . . .      SeeInvis +    i - +1 hand axe (venom)
rCold   . . .      Faith    .    (no shield)
rNeg    . . .      Spirit   .    a - +0 robe
rPois   +          Reflect  .    h - +0 helmet
rElec   .          Harm     .    (no cloak)
rCorr   .          Rampage  .    (no gloves)
Will    .....                    (no barding)
Stlth   +++.......               (no amulet)
HPRegen 0.28/turn                (no ring)
MPRegen 0.12/turn                (no ring)

@: on berserk cooldown, slowed, drained, very slow
A: AC +2, large, see invisible, deformed body, poison resistance, slowness 2,
spit poison 1, naga tail 1
a: Spit Poison


You were on level 4 of the Dungeon.
You visited 1 branch of the dungeon, and saw 4 of its levels.

You collected 166 gold pieces.

Inventory:

Hand Weapons
 d - a +2 whip of venom
 i - a +1 hand axe of venom (weapon)
 p - a +0 scythe of venom
Armour
 a - a +0 robe (worn)
 h - a +0 helmet (worn)
Scrolls
 e - 2 scrolls of vulnerability
 k - 3 scrolls of teleportation
 l - a scroll of acquirement {unknown}
Potions
 b - 2 potions of magic
 c - 2 potions of berserk rage
 g - a potion of flight
 m - a potion of attraction


   Skills:
 + Level 2.3 Fighting
 + Level 2.6 Dodging
 + Level 4.8 Stealth
 - Level 2.9 Spellcasting
 + Level 0.8 Conjurations
 - Level 1.2 Transmutations
 + Level 1.0 Air Magic
 - Level 6.0 Poison Magic


You couldn't memorise any spells.
You knew the following spells:

 Your Spells              Type           Power      Damage    Failure   Level
a - Sting                 Tmut/Pois      60%        1d6       3%          1
b - Poisonous Vapours     Pois/Air       30%        N/A       6%          2
c - Mephitic Cloud        Conj/Pois/Air  12%        N/A       17%         3
d - Olgreb's Toxic Radia  Pois           24%        N/A       14%         4

Your spell library contained the following spells:

 Spells                   Type           Power      Damage    Failure   Level
 Slow                     Hex            8%         N/A       17%         1
 Confusing Touch          Hex            2%         N/A       45%         3
 Vampiric Draining        Necr           2%         2d6       45%         3


Dungeon Overview and Level Annotations

Branches:
Dungeon (4/15)
 Temple: D:4-7

Altars:
Wu Jian

Annotations:
D:2 1 runed translucent door, Crazy Yiuf


Innate Abilities, Weirdness & Mutations

Your serpentine skin is tough. (AC +2)
You have supernaturally acute eyesight. (SInv)
Armour fits poorly on your strangely shaped body.
Your system is resistant to poisons. (rPois)
You cover ground very slowly.
You can spit poison.
You have a snake-like lower body.


Message History

The wight misses you.
You hit the wight but do no damage.
The wight is heavily damaged.
The wight barely misses you.
You hit the wight.
The wight is severely damaged.
The wight closely misses you.
You slash the wight!
You destroy the wight!
Your life force feels restored.
Your Air Magic skill increases to level 1!
You closely miss the wight.
The wight hits you with a +5 hand axe of freezing!
* * * LOW HITPOINT WARNING * * *
The wight freezes you.
* * * LOW HITPOINT WARNING * * *
You hit the wight.
The wight is moderately damaged.
The wight hits you with a +5 hand axe of freezing.
* * * LOW HITPOINT WARNING * * *
You feel drained.
* * * LOW HITPOINT WARNING * * *
The wight freezes you.
* * * LOW HITPOINT WARNING * * *
The wight attacks as you move away!
The wight hits you with a +5 hand axe of freezing.
* * * LOW HITPOINT WARNING * * *
The wight freezes you.
* * * LOW HITPOINT WARNING * * *
You feel a strong urge to attack something.
You are no longer berserk.
You are exhausted.
You feel yourself slow down.
You feel better.
The wight hits you with a +5 hand axe of freezing!
* * * LOW HITPOINT WARNING * * *
You feel drained.
* * * LOW HITPOINT WARNING * * *
The wight freezes you.
You die...

#.###.#....#..
#.##....#.[...
#.##..........
.######.##..###.#.##
...........†# #.#.#
#######.#...###.#.#
#.#.......#.###
########.##.......#...
#.)zz@..>###.#####.#.#
#.########...# #.#.#
#. #.### #.... #z
####.#######...# #.
#.....[........# #z
#.##......#....# #.
####...†....# #.
#.#.#..... #.#....#.#


You could see 2 wights.

Vanquished Creatures
  Sigmund (D:2)
  A scorpion (D:4)
  A wight (D:4)
  An adder (D:3)
  2 worms
  A dart slug (D:3)
  An orc (D:3)
  4 bats
  3 endoplasms
  3 giant cockroaches
  6 goblins
  6 hobgoblins
  6 jackals
  4 kobolds (D:1)
  2 quokkas
  10 ball pythons
  6 frilled lizards
  5 rats
63 creatures vanquished.

Notes
Turn   | Place    | Note
-------+----------+-------------------------------------------
     0 | D:1      | croobank the Naga Venom Mage began the quest for the Orb.
     0 | D:1      | Reached XP level 1. HP: 15/15 MP: 3/3
   272 | D:1      | Reached XP level 2. HP: 18/22 MP: 0/5
   672 | D:1      | Reached XP level 3. HP: 22/30 MP: 6/6
   675 | D:1      | Learned a level 2 spell: Poisonous Vapours
   679 | D:1      | Learned a level 3 spell: Mephitic Cloud
  1821 | D:2      | Noticed Sigmund
  1852 | D:2      | Killed Sigmund
  1853 | D:2      | Reached skill level 1 in Fighting
  1853 | D:2      | Reached skill level 5 in Poison Magic
  1853 | D:2      | Reached XP level 4. HP: 14/39 MP: 1/8
  1853 | D:2      | Reached XP level 5. HP: 16/45 MP: 1/9
  2269 | D:2      | Found a runed translucent door.
  2270 | D:2      | Noticed Crazy Yiuf
  2798 | D:3      | Reached XP level 6. HP: 25/52 MP: 5/10
  2896 | D:3      | Learned a level 4 spell: Olgreb's Toxic Radiance
  2982 | D:3      | Found an ornate altar of the Wu Jian Council.
  3107 | D:3      | Found a faded altar of an unknown god.
  3284 | D:4      | Reached skill level 6 in Poison Magic
  3316 | D:4      | Reached skill level 1 in Air Magic
  3317 | D:4      | HP: 3/78 [wight/+5 hand axe of freezing (1)]
  3318 | D:4      | HP: 1/78 [wight/+5 hand axe of freezing (1)]
  3320 | D:4      | Slain by a wight

Illustrated notes

Levels and vault maps discovered:
D:1:      dpeg_arrival_castle, layout_loops_corners, minmay_split_cup_small
D:2:      layout_basic, uniq_sigmund, uniq_crazy_yiuf_cottage
D:3:      layout_rooms, pdpol_wu_jian_five_deadly_venoms,
          hellmonk_ecumenical_altar_crossroads
D:4:      layout_loops_ring

Skill      XL: |  1  2  3  4  5  6 |
---------------+-------------------+-----
Fighting       | 1 2 |  2.3
Dodging        | 2 |  2.6
Stealth        | 4 |  4.8
Poison Magic   | 5 6 |  6.0
Air Magic      | 1 |  1.0
Spellcasting   | |  2.9
Conjurations   | |  0.8
Transmutations | |  1.2

Action                   |  1- 3 |  4- 6 || total
-------------------------+-------+-------++-------
Melee: Unarmed           |     7 |       ||     7
       Hand axe          |    42 |    36 ||    78
       Punch             |     1 |       ||     1
 Cast: Sting             |    16 |     2 ||    18
       Poisonous Vapours |     3 |     3 ||     6
 Abil: Spit Poison       |    21 |    13 ||    34
  Use: Scroll            |       |    12 ||    12
       Potion            |       |     2 ||     2
 Stab: Sleeping          |     4 |       ||     4
Armor: Robe              |    12 |     7 ||    19
Dodge: Dodged            |    29 |    19 ||    48

Table legend: (Time is in decaauts)
 A = Elapsed time spent in this place.
 B = Non-inter-level travel time spent in this place.
 C = Inter-level travel time spent in this place.
 D = Time resting spent in this place.
 E = Time spent auto-exploring this place.
 F = Levels seen in this place.
 G = Mean time per level.
                   A        B        C        D        E       F      G
               +--------+--------+--------+--------+--------+-----+--------+
         Total |   4149 |   4055 |     94 |    759 |   2673 |   4 | 1037.2 |
       Dungeon |   4149 |   4055 |     94 |    759 |   2673 |   4 | 1037.2 |
               +--------+--------+--------+--------+--------+-----+--------+

Top non-repeatable levels by time:
     D:2: 1826 daAuts
     D:1: 1548 daAuts
     D:3: 651 daAuts
     D:4: 121 daAuts
